 Dungeon Crawl Stone Soup version 0.19-a0-1206-g6bcb79c (webtiles) character file.

76 JustSomeDude the Skirmisher (level 4, -4/52 HPs)
             Began as a Demonspawn Fighter on Aug 21, 2016.
             Was a Believer of Uskayaw.
             Slain by eragonby's ghost (6 damage)
             ... on level 3 of the Dungeon.
             The game lasted 00:03:06 (2048 turns).

JustSomeDude the Skirmisher (Demonspawn Fighter)    Turns: 2048, Time: 00:03:07

Health: -4/52      AC:  6    Str: 22    XL:     4   Next: 12%
Magic:  4/4        EV:  7    Int:  9    God:    Uskayaw [**....]
Gold:   49         SH:  9    Dex: 13    Spells: 0 memorised, 3 levels left

rFire  . . .     SeeInvis .     a - +0 trident
rCold  . . .     Gourm    .     b - +0 scale mail
rNeg   . . .     Faith    .     c - +0 shield
rPois  .         Spirit   .     (no helmet)
rElec  .         Dismiss  .     (no cloak)
rCorr  .         Reflect  .     (no gloves)
MR     .....     Harm     .     (no boots)
Stlth  ..........               j - amulet of rage (curse)
                                (no ring)
                                l - ring of loudness (curse)

@: mighty, berserking (expiring), very quick
A: hooves 1, spiny 1
a: Stomp, Line Pass, Renounce Religion, Evoke Berserk Rage


You were on level 3 of the Dungeon.
You worshipped Uskayaw.
Uskayaw was noncommittal.
You were hungry.

You visited 1 branch of the dungeon, and saw 3 of its levels.

You collected 49 gold pieces.

Inventory:

Hand Weapons
 a - a +0 trident (weapon)
Armour
 b - a +0 scale mail (worn)
 c - a +0 shield (worn)
Jewellery
 j - a cursed amulet of rage (around neck)
 l - a cursed ring of loudness (left hand)
 m - an uncursed amulet of regeneration
Scrolls
 e - 4 scrolls of identify
Potions
 d - a potion of might
 i - a potion of beneficial mutation {unknown}
 k - 2 potions of haste {unknown}
 o - a potion of heal wounds {unknown}
 p - a potion of lignification {unknown}
Comestibles
 f - 3 bread rations
 g - a meat ration
 h - a royal jelly


   Skills:
 + Level 3.4 Fighting
 + Level 2.3 Polearms
 + Level 3.3 Armour
 + Level 0.3 Dodging
 + Level 0.2 Stealth
 + Level 3.2 Shields


You had 3 spell levels left.
You didn't know any spells.

Dungeon Overview and Level Annotations

Branches:
Dungeon (3/15)

Altars:
Sif Muna
Uskayaw
Xom
Yredelemnul

Annotations:
D:3 eragonby's ghost, amateur MiFi


Innate Abilities, Weirdness & Mutations

You have large cloven feet.
You are partially covered in sharp spines.


Message History

Your shield and scale mail prevent you from hitting eragonby's ghost.
Your kick misses eragonby's ghost.
Eragonby's ghost is severely damaged.
Eragonby's ghost closely misses you.
You completely miss eragonby's ghost.
Eragonby's ghost is severely damaged.
Eragonby's ghost hits you!
You barely miss eragonby's ghost. Your kick misses eragonby's ghost.
Eragonby's ghost is severely damaged.
Eragonby's ghost hits you!
You barely miss eragonby's ghost. You kick eragonby's ghost.
Eragonby's ghost is severely damaged.
Eragonby's ghost hits you!
* * * LOW HITPOINT WARNING * * *
You are too berserk!
You barely miss eragonby's ghost.
Eragonby's ghost is severely damaged.
Eragonby's ghost says, "I am made of steel!"
Eragonby's ghost hits you.
You die...

# #.# #+##
#.###..# ####.#
#......# .....#
######.# ######
#.# #.# #.# .
#.#
#...#########.#
......W@......#
......#########
..... #... #..
.# #.# #.. #####
#.# #.. ...#
#.##.♣
###.######.#.♣♣♣


You could see eragonby's ghost.

Vanquished Creatures
  3 adders
  An ooze (D:2)
  A worm (D:3)
  A giant gecko (D:2)
  2 giant cockroaches
  6 goblins
  4 hobgoblins
  2 jackals (D:3)
  5 kobolds
  A ball python (D:2)
  9 bats
  2 giant newts
  4 rats
41 creatures vanquished.

Notes
Turn   | Place    | Note
-------+----------+-------------------------------------------
     0 | D:1      | JustSomeDude the Demonspawn Fighter began the quest for the Orb.
     0 | D:1      | Reached XP level 1. HP: 18/18 MP: 1/1
   101 | D:1      | Gained mutation: You have large cloven feet. [demonic ancestry]
   101 | D:1      | Reached XP level 2. HP: 24/24 MP: 2/2
   675 | D:2      | Reached XP level 3. HP: 16/29 MP: 3/3
   983 | D:2      | Found a deep blue altar of Sif Muna.
  1066 | D:2      | Found a basalt altar of Yredelemnul.
  1067 | D:2      | Found a shimmering altar of Xom.
  1163 | D:2      | Found a hide-covered altar of Uskayaw.
  1232 | D:2      | Became a worshipper of Uskayaw the Reveler
  1398 | D:3      | Noticed eragonby's ghost (amateur MiFi)
  1643 | D:3      | Reached * piety under Uskayaw
  1653 | D:3      | Reached ** piety under Uskayaw
  1975 | D:3      | Gained mutation: You are partially covered in sharp spines. [demonic ancestry]
  1975 | D:3      | Reached XP level 4. HP: 26/35 MP: 4/4
  2047 | D:3      | HP: 2/52 [eragonby's ghost (15)]
  2048 | D:3      | Slain by eragonby's ghost

Vault maps used:
D:1:      dpeg_arrival_arbitrary_b
D:2:      lemuel_crystal_altar, gammafunk_temple_overflow_pools, led_sif_pool
D:3:      serial_forest, infiniplex_forest_straight_5,
          infiniplex_forest_clump_medium, infiniplex_forest_lined_3,
          infiniplex_forest_zigzag_1, infiniplex_forest_corner_1,
          infiniplex_forest_lined_4_way

Skill      XL: |  1  2 |
---------------+-------+-----
Polearms       | 2 |  2.3
Armour         | 3 |  3.3
Shields        | 3 |  3.2
Fighting       | |  3.4
Dodging        | |  0.3
Stealth        | |  0.2

Action                   |  1- 3 |  4- 6 || total
-------------------------+-------+-------++-------
Melee: Trident           |   151 |    17 ||   168
       Kick              |    23 |     4 ||    27
  Use: Scroll            |     2 |       ||     2
       Potion            |       |     2 ||     2
  Eat: Chunk             |     2 |     1 ||     3
Armor: Scale mail        |    52 |     3 ||    55
Dodge: Dodged            |    31 |     2 ||    33
Block: Shield            |    52 |     8 ||    60
